 Dungeon Crawl Stone Soup version 0.23.2-1-ga50397a6bc (webtiles) character file.

Game seed: 10996422085229284902

107 Menchi the Skirmisher (level 4, -3/37 HPs)
             Began as a Mummy Fighter on May 13, 2019.
             Slain by Robin
             ... wielding a +0 spear
              (4 damage)
             ... on level 2 of the Dungeon.
             The game lasted 00:03:21 (1780 turns).

Menchi the Skirmisher (Mummy Fighter)               Turns: 1780, Time: 00:03:22

Health: -3/37      AC:  6    Str: 19    XL:     4   Next: 57%
Magic:  4/4        EV: 10    Int:  7    God:
Gold:   124        SH:  0    Dex: 12    Spells: 3/3 levels left

rFire    x . .     SeeInvis .   a - +0 trident
rCold    + . .     Gourm    .   (no shield)
rNeg     + + +     Faith    .   b - +0 scale mail
rPois    ∞         Spirit   .   (no helmet)
rElec    .         Reflect  .   (no cloak)
rCorr    .         Harm     .   (no gloves)
MR       .....                  (no boots)
Stlth    ..........             (no amulet)
HPRegen  0.12/turn              (no ring)
MPRegen  0.09/turn              (no ring)

@: no status effects
A: no food or potions, fire vulnerability, cold resistance 1, negative energy
resistance 3, torment resistance, unbreathing
a: no special abilities


You were on level 2 of the Dungeon.
You were not hungry.

You visited 1 branch of the dungeon, and saw 2 of its levels.

You collected 124 gold pieces.

Inventory:

Hand Weapons
 a - a +0 trident (weapon)
Armour
 b - a +0 scale mail (worn)
 c - a +0 shield
Jewellery
 h - an uncursed ring of stealth {unknown}
 j - a +4 ring of protection {unknown}
Scrolls
 d - a scroll of magic mapping {unknown}
 e - a scroll of identify {unknown}
 f - 2 scrolls of remove curse {unknown}
 g - 2 scrolls of enchant weapon {unknown}
 i - a scroll of amnesia {unknown}
 k - a scroll of enchant armour {unknown}
 l - a scroll of teleportation {unknown}


   Skills:
 + Level 3.7 Fighting
 - Level 1.5 Polearms
 + Level 3.0 Armour
 + Level 1.5 Dodging
 + Level 3.0 Shields


You had 3 spell levels left.
You didn't know any spells.
Your spell library was empty.

Dungeon Overview and Level Annotations

Branches:
Dungeon (2/15)

Altars:
Cheibriados
Nemelex Xobeh
Vehumet

Annotations:
D:2 Robin


Innate Abilities, Weirdness & Mutations

You do not eat or drink.
Your flesh is vulnerable to fire.
You are immune to poison.
Your flesh is cold resistant. (rC+)
You are immune to negative energy. (rN+++)
You are immune to unholy pain and torment.
You can survive without breathing.


Message History

The goblin no longer looks unusually strong.
Robin hits you but does no damage. The goblin hits you but does no damage.
You barely miss the goblin.
The goblin is moderately wounded.
The hobgoblin no longer looks unusually strong.
Robin misses you. The hobgoblin hits you.
* * * LOW HITPOINT WARNING * * *
The goblin hits you but does no damage.
You hit the goblin.
The goblin is severely wounded.
Robin closely misses you. The hobgoblin closely misses you.
The goblin hits you but does no damage.
You barely miss the goblin.
The goblin is severely wounded.
Robin hits you but does no damage.
The hobgoblin hits you but does no damage.
The goblin completely misses you. The hobgoblin hits you.
* * * LOW HITPOINT WARNING * * *
Robin hits you from afar with a +0 spear.
You die...

#.# #.# #.# ...
##'## #.# #...##
#.# .....## ####)#
.....%## ##.##.##
.......####...#†g#
.......(.).....#g#
.......####...##@#
..(...## #......g#
.....## ##...####
#...## ##.##
##'##### #.#
.......# #.#
##.###.# #.#
##.###.#
#...##.#####.


You could see Robin, a hobgoblin and a goblin.

Vanquished Creatures
  A gnoll (D:1)
  4 adders (D:2)
  2 oozes (D:1)
  2 worms (D:2)
  A dart slug (D:2)
  2 leopard geckos (D:1)
  A giant cockroach (D:1)
  12 goblins
  3 hobgoblins
  5 kobolds
  2 bats
  5 frilled lizards
  7 rats
47 creatures vanquished.

Notes
Turn   | Place    | Note
-------+----------+-------------------------------------------
     0 | D:1      | Menchi the Mummy Fighter began the quest for the Orb.
     0 | D:1      | Reached XP level 1. HP: 18/18 MP: 1/1
    93 | D:1      | Reached XP level 2. HP: 23/24 MP: 2/2
   371 | D:1      | Reached XP level 3. HP: 29/29 MP: 3/3
   385 | D:1      | Reached skill level 1 in Dodging
   721 | D:2      | Found a faded altar of an unknown god.
   732 | D:2      | Found a snail-covered altar of Cheibriados.
  1064 | D:2      | Found a sparkling altar of Nemelex Xobeh.
  1243 | D:2      | Reached XP level 4. HP: 31/35 MP: 4/4
  1251 | D:2      | Found a radiant altar of Vehumet.
  1744 | D:2      | Noticed Robin
  1780 | D:2      | HP: 1/37 [hobgoblin[Robin] (1)]
  1780 | D:2      | Slain by Robin

Skill      XL: |  1  2  3  4 |
---------------+-------------+-----
Dodging        | 1 |  1.5
Armour         | 3 |  3.0
Shields        | 3 |  3.0
Fighting       | |  3.7
Polearms       | |  1.5

Action                   |  1- 3 |  4- 6 || total
-------------------------+-------+-------++-------
Melee: Trident           |   126 |    77 ||   203
Armor: Scale mail        |    29 |    41 ||    70
Dodge: Dodged            |    60 |    67 ||   127
